 Dungeon Crawl Stone Soup version 0.30-b1-2-g02819fbbbe (webtiles) character file.

Game seed: 10004667632622180042

12863 manyhoops the Shield-Bearer (level 11, -3/92 HPs)
             Began as a Demigod Earth Elementalist on Nov 20, 2023.
             Slain by a boulder beetle (42 damage)
             ... on level 11 of the Dungeon.
             The game lasted 00:19:58 (10745 turns).

manyhoops the Shield-Bearer (DgEE)                 Turns: 10745, Time: 00:19:59

Health: -3/92      AC: 11    Str: 12    XL:     11   Next: 41%
Magic:  4/25       EV: 13    Int: 35    God:
Gold:   675        SH:  6    Dex: 14    Spells: 9/24 levels left

rFire   + + .        K - +2 dagger (protect)
rCold   . . .        E - +0 buckler
rNeg    . . .        H - +1 robe {Will+}
rPois   .            T - +2 hat {Stlth+}
rElec   .            M - +0 cloak
rCorr   .            D - +0 pair of gloves
SInv    .            (no boots)
Will    ++...        v - amulet of the acrobat
Stlth   ++++         y - +6 ring of intelligence
HPRegen 0.35/turn    d - ring of Due Proportion {rF++ AC+4 Str+3}
MPRegen 0.19/turn

%: acrobat
@: no status effects
A: high MP 1, forlorn, divine attributes
a: no special abilities


You were on level 11 of the Dungeon.
You visited 2 branches of the dungeon, and saw 13 of its levels.

You collected 675 gold pieces.

Inventory:

Hand Weapons
 K - a +2 dagger of protection (weapon)
 N - the +8 sling "Beast's Death" {freeze, SInv}
   (You found it on level 8 of the Dungeon)

   SInv:      It lets you see invisible.
 Z - the +6 falchion "Rutsum" {venom, rC+ rCorr Str+3}
   (You found it on level 12 of the Dungeon)

   Str:       It affects your strength (+3).
   rC:        It protects you from cold.
   rCorr:     It protects you from acid and corrosion.
Armour
 t - the +0 cloak of Hubris {rF++ rN+ Will- Dex+3}
   (You found it on level 4 of the Dungeon)

   Dex:       It affects your dexterity (+3).
   rF:        It greatly protects you from fire.
   rN:        It protects you from negative energy.
   Will:      It decreases your willpower.
 D - a +0 pair of gloves (worn)
 E - a +0 buckler (worn)
 H - a +1 robe of willpower (worn)
 M - a +0 cloak (worn)
 T - a +2 hat of stealth (worn)
Jewellery
 a - a ring of protection from fire
 c - a +6 ring of dexterity
 d - the ring of Due Proportion (right hand) {rF++ AC+4 Str+3}
   (You acquired it on level 4 of the Dungeon)

   [ring of protection]

   AC:        It affects your AC (+4).
   Str:       It affects your strength (+3).
   rF:        It greatly protects you from fire.
 i - a ring of fire
 u - a ring of protection from fire
 v - an amulet of the acrobat (around neck)
 x - a ring of ice
 y - a +6 ring of intelligence (left hand)
 C - a ring of see invisible
 F - a ring of protection from cold
 O - a +6 ring of strength
 V - a ring of resist corrosion
 W - a ring of flight
 Y - a ring of wizardry
Wands
 l - a wand of digging (3)
 o - a wand of polymorph (12)
 p - a wand of paralysis (23)
 G - a wand of flame (24)
 X - a wand of roots (3)
Scrolls
 e - 2 scrolls of teleportation
 g - 4 scrolls of amnesia
 h - 3 scrolls of fear
 j - a scroll of torment
 k - 3 scrolls of fog
 q - 5 scrolls of noise
 r - 2 scrolls of poison
 A - a scroll of brand weapon
 I - a scroll of vulnerability
 J - a scroll of enchant armour {unknown}
 R - 2 scrolls of identify
Potions
 b - 2 potions of magic
 f - 4 potions of resistance
 m - a potion of berserk rage
 n - 3 potions of flight
 s - a potion of attraction
 w - a potion of invisibility
 z - 3 potions of curing
 B - 2 potions of ambrosia
 L - a potion of brilliance {unknown}
 P - 2 potions of degeneration {unknown}
 Q - 2 potions of haste {unknown}
 S - a potion of might {unknown}
 U - a potion of cancellation {unknown}


   Skills:
 + Level 7.0 Fighting
 - Level 5.2 Dodging
 - Level 6.4 Stealth
 - Level 7.7 Shields
 + Level 7.0 Spellcasting
 - Level 0.8 Transmutations
 - Level 6.1 Fire Magic
 + Level 7.0 Earth Magic


You had 9 spell levels left.
You knew the following spells:

 Your Spells              Type           Power      Damage    Failure   Level
a - Sandblast             Erth           100%       2d20      1%          1
b - Passwall              Tmut/Erth      32%        N/A       1%          2
c - Stone Arrow           Conj/Erth      72%        3d11      3%          3
d - Blink                 Tloc           24%        N/A       6%          2
e - Sticky Flame          Conj/Fire      33%        2d5       12%         4
f - Frozen Ramparts       Ice            24%        1d4       13%         3

Your spell library contained the following spells:

 Spells                   Type           Power      Damage    Failure   Level
 Sting                    Tmut/Pois      60%        1d6       3%          1
 Freeze                   Ice            48%        1d6       4%          1
 Summon Small Mammal      Summ           48%        N/A       4%          1
 Ignite Poison            Fire/Tmut/Pois 28%        N/A       4%          3
 Lesser Beckoning         Tloc           24%        N/A       6%          2
 Momentum Strike          Conj/Tloc      24%        3d8       6%          2
 Poisonous Vapours        Pois/Air       24%        N/A       6%          2
 Petrify                  Tmut/Erth      39%        N/A       9%          4
 Call Canine Familiar     Summ           12%        N/A       13%         3
 Dazzling Flash           Conj/Hex       24%        N/A       13%         3
 Hailstorm                Conj/Ice       12%        3d5       13%         3
 Portal Projectile        Hex/Tloc       24%        N/A       13%         3
 Summon Guardian Golem    Hex/Summ       12%        N/A       13%         3
 Tukima's Dance           Hex            12%        N/A       13%         3
 Borgnjor's Vile Clutch   Necr/Erth      18%        N/A       28%         5
 Olgreb's Toxic Radiance  Pois           12%        N/A       38%         4
 Blade Hands              Tmut           9%         N/A       63%         5
 Alistair's Intoxication  Tmut/Pois      10%        N/A       69%         5
 Agony                    Necr           12%        N/A       75%         5
 Silence                  Hex/Air        6%         N/A       75%         5
 Eringya's Noxious Bog    Tmut/Pois      7%         N/A       99%         6
 Ignition                 Fire           26%        3d9       100%        8


Dungeon Overview and Level Annotations

Branches:
Dungeon (12/15)            Temple (0/1) D:5            Lair (1/5) D:11
    Orc: D:9-12

Shops:
D:4 :

Annotations:
D:7 4 runed translucent doors, Crazy Yiuf; Killmatronix's ghost, novice MiSu
D:9 exclusion: orange crystal statue


Innate Abilities, Weirdness & Mutations

You have an increased reservoir of magic. (+10% MP)
You shall have no god before yourself.
Your divine heritage dramatically boosts your attributes as you level up.


Message History

Aim: a boulder beetle (severely wounded)
The sticky flame hits the boulder beetle but does no damage.
The boulder beetle is severely wounded.
The boulder beetle is covered in liquid flames!
The boulder beetle burns!
The wall freezes the boulder beetle but does no damage.
The boulder beetle bites you.
Unknown command.
Casting: Sticky Flame (dangerous; 12% risk of failure)
Confirm with . or Enter, or press ? or * to list all spells.
Aiming: Sandblast (safe; 1% risk of failure)
Press: ? - help, Shift-Dir - straight line, f/p - boulder beetle
Aim: a boulder beetle (severely wounded, covered in liquid flames, 100% to hit)
The blast of sand hits the boulder beetle but does no damage.
The boulder beetle is severely wounded.
The frozen ramparts melt away.
The boulder beetle burns! x2
The boulder beetle leaps!
Unknown command.
A boulder beetle is nearby!
A boulder beetle is nearby!
A boulder beetle is nearby!
A boulder beetle is nearby!
Casting: Sandblast (safe; 1% risk of failure)
Confirm with . or Enter, or press ? or * to list all spells.
Aiming: Sandblast (safe; 1% risk of failure)
Press: ? - help, Shift-Dir - straight line, f/p - boulder beetle
Aim: a boulder beetle (almost dead, 100% to hit)
The blast of sand hits the boulder beetle but does no damage.
The boulder beetle is almost dead.
The boulder beetle curls into a ball and begins rolling!
Unknown command.
Casting: Sandblast (safe; 1% risk of failure)
Confirm with . or Enter, or press ? or * to list all spells.
Aiming: Sandblast (safe; 1% risk of failure)
Press: ? - help, Shift-Dir - straight line, f/p - boulder beetle
Aim: a boulder beetle (almost dead, rolling, 100% to hit)
The blast of sand hits the boulder beetle but does no damage.
The boulder beetle is almost dead.
The boulder beetle hits you!!!
You die...

### #############.#
#.............#
***************#.###########.####
,,,,,,,,,,,,,,,#.# #.....
**************,#.# ###### *,#.#
#,#.# #.#@#
##############.#B################
.................○...............
#.##############.##############..
.............###.#########.)).'..
...............#.#.......).####..
.........÷.......#.........# #..
.....#######.#..##.^.......# #..
....)# #÷##............# ###


You could see a boulder beetle (rolling).

Vanquished Creatures
  Gastronok (D:9)
  A two-headed ogre (D:12)
  3 death yaks (D:11)
  Maurice (D:11)
  A cane toad (Lair:1)
  2 gargoyles
  4 trolls
  A slime creature (D:9)
  2 shadows
  Sigmund (D:4)
  3 wyverns
  20 yaks
  A wraith (D:12)
  A steam dragon (D:8)
  The ghost of KuroJack the Digger, an amateur DEEE (D:5)
  2 orc warriors
  4 ice beasts
  4 sky beasts
  A wolf (D:11)
  2 centaurs
  A phantom (D:6)
  3 bullfrogs
  2 scorpions
  A water moccasin skeleton (D:3)
  6 wights
  6 howler monkeys
  2 electric eels (D:8)
  2 jellies (D:4)
  A gnoll bouda (D:9)
  7 orc priests
  Jessica (D:2)
  3 iguanas
  8 orc wizards
  A scorpion zombie (D:3)
  A hound zombie (D:3)
  Robin (D:2)
  6 adders
  11 gnolls
  A shadow imp (D:7)
  2 white imps
  3 adder zombies (D:3)
  A worm (D:2)
  A dart slug (D:3)
  27 orcs
  7 bats
  11 endoplasms
  3 giant cockroaches
  11 goblins
  14 hobgoblins
  4 jackals
  5 quokkas
  4 ball pythons
  A ball python zombie (D:3)
  5 frilled lizards
  A jackal skeleton (D:3)
  14 kobolds
  A quokka zombie (D:3)
  7 rats
242 creatures vanquished.

Vanquished Creatures (others)
  A fungus (Lair:1)
  A plant (Lair:1)
  3 withered plants (D:3)
5 creatures vanquished.

Grand Total: 247 creatures vanquished

Notes
Turn   | Place    | Note
-------+----------+-------------------------------------------
     0 | D:1      | manyhoops the Demigod Earth Elementalist began the quest
                  | for the Orb.
     0 | D:1      | Reached XP level 1. HP: 14/14 MP: 5/5
   287 | D:1      | Reached XP level 2. HP: 20/20 MP: 4/7
  1146 | D:2      | Noticed Jessica
  1151 | D:2      | Killed Jessica
  1152 | D:2      | Reached XP level 3. HP: 26/26 MP: 4/9
  1748 | D:2      | Noticed Robin
  1762 | D:2      | Reached XP level 4. HP: 33/33 MP: 7/11
  1860 | D:2      | Killed Robin
  2387 | D:3      | Reached XP level 5. HP: 37/38 MP: 11/13
  2780 | D:4      | Identified the +0 cloak of Hubris {rF++ rN+ Will- Dex+3}
  3238 | D:4      | Noticed Sigmund
  3242 | D:4      | Killed Sigmund
  3243 | D:4      | Reached skill level 5 in Earth Magic
  3243 | D:4      | Reached XP level 6. HP: 45/45 MP: 12/15
  3328 | D:4      | Reached skill level 1 in Fighting
  3476 | D:4      | Found Helosm's Book Boutique.
  3831 | D:4      | Learned a level 2 spell: Passwall
  3835 | D:4      | Learned a level 3 spell: Stone Arrow
  3838 | D:4      | Learned a level 2 spell: Blink
  3842 | D:4      | Identified a scroll of acquirement
  3843 | D:4      | Acquired the ring of Due Proportion {rF++ AC+4 Str+3}
  3864 | D:5      | Entered Level 5 of the Dungeon
  4021 | D:5      | Reached XP level 7. HP: 52/52 MP: 14/17
  4099 | D:5      | Found a staircase to the Ecumenical Temple.
  4248 | D:5      | Found a runed translucent door.
  4281 | D:5      | Noticed KuroJack's ghost (amateur DEEE)
  4767 | D:5      | Killed KuroJack's ghost
  4768 | D:5      | Reached skill level 5 in Dodging
  4840 | D:5      | Reached skill level 1 in Shields
  4954 | D:6      | Reached XP level 8. HP: 62/62 MP: 14/18
  5296 | D:6      | Reached skill level 5 in Shields
  5528 | D:6      | Learned a level 4 spell: Sticky Flame
  5642 | D:7      | Found a runed translucent gate.
  5642 | D:7      | Found a runed translucent gate.
  5645 | D:7      | Noticed a cyclops
  5650 | D:7      | Noticed Killmatronix's ghost (novice MiSu)
  5656 | D:7      | Found a runed translucent gate.
  5802 | D:7      | Found a runed translucent door.
  5803 | D:7      | Noticed Crazy Yiuf
  6065 | D:8      | Identified the +8 sling "Beast's Death" {freeze, SInv}
  6500 | D:8      | Reached XP level 9. HP: 50/68 MP: 16/19
  6855 | D:9      | Reached skill level 5 in Stealth
  7195 | D:9      | Reached skill level 1 in Fire Magic
  7458 | D:9      | Noticed Gastronok
  7474 | D:9      | Killed Gastronok
  7475 | D:9      | Reached XP level 10. HP: 40/74 MP: 9/20
  7618 | D:9      | Reached skill level 5 in Fire Magic
  7795 | D:9      | Noticed an orange crystal statue
  7833 | D:10     | Entered Level 10 of the Dungeon
  8157 | D:10     | Reached skill level 5 in Fighting
  8667 | D:11     | Noticed a boulder beetle
  8671 | D:11     | Noticed a death yak
  8676 | D:11     | Found a staircase to the Lair.
  8682 | D:11     | Noticed a death yak
  8683 | D:11     | Noticed a death yak
  8690 | D:11     | Killed a death yak
  8816 | D:12     | Noticed a skeletal warrior
  8853 | D:12     | Learned a level 3 spell: Frozen Ramparts
  8878 | D:12     | Noticed a two-headed ogre
  8886 | D:12     | Killed a two-headed ogre
  9176 | D:12     | Identified the +6 falchion "Rutsum" {venom, rC+ rCorr
                  | Str+3}
  9193 | D:12     | Reached skill level 5 in Spellcasting
  9341 | D:11     | Reached XP level 11. HP: 76/91 MP: 13/22
  9499 | D:11     | Killed a death yak
  9885 | D:11     | Noticed Maurice
  9897 | D:11     | Killed Maurice
 10092 | Lair:1   | Entered Level 1 of the Lair of Beasts
 10477 | D:11     | Killed a death yak
 10745 | D:11     | Slain by a boulder beetle

Illustrated notes

Levels and vault maps discovered:
D:1:      onia_arrival_pentagram, layout_basic, st_stairs_9, minmay_cut_off
D:2:      layout_rooms, minmay_misc_feat_alley, minmay_goblin_kobold_house,
          uniq_robin, uniq_jessica
D:3:      layout_rooms, serial_undead, serial_undead_a, serial_undead_d,
          serial_undead_e, serial_undead_d
D:4:      layout_cave_pods, serial_shops, nicolae_book_shop_shelving,
          serial_park_tiny_pond, hangedman_decor_peaks_small,
          serial_bayou_ford_a, minmay_hedge_maze, uniq_sigmund
D:5:      layout_gridville, evilmike_ruin_ashenzari, temple_doors_ab,
          ebering_ghost_sewer_d
D:6:      layout_rooms
D:7:      layout_rooms, gammafunk_ghost_split, hex_tiny, uniq_crazy_yiuf_cottage
D:8:      layout_gridville, mainiacjoe_overflow_catch_the_wave,
          chequers_serial_rivers_micro_b
D:9:      minmay_statue_hallways, layout_grid_maze,
          mainiacjoe_overflow_tiny_flanked, kennysheep_mini_moat,
          minmay_microvault, uniq_gastronok
D:10:     layout_rooms, xom_redecorated
D:11:     layout_basic, dpeg_lair_monsters,
          portal_ice_cave_entry_animals_and_master,
          nicolae_gozag_conspicuous_consumption, uniq_maurice
D:12:     layout_roguey, david_orc_1_choice
Lair:1:   layout_chaotic_city

Skill      XL: |  1  2  3  4  5  6  7  8  9 10 11 |
---------------+----------------------------------+-----
Earth Magic    | 3 4 5 7 |  7.0
Spellcasting   | 2 3 4 5 7 |  7.0
Dodging        | 2 5 |  5.2
Fighting       | 1 2 6 7 |  7.0
Shields        | 2 7 |  7.7
Stealth        | 6 |  6.4
Fire Magic     | 4 6 |  6.1
Transmutations | |  0.8

Action                     |  1- 3 |  4- 6 |  7- 9 | 10-12 || total
---------------------------+-------+-------+-------+-------++-------
  Melee: Unarmed           |     1 |       |       |       ||     1
         Dagger            |     1 |     6 |     2 |    38 ||    47
   Cast: Sandblast         |    67 |    95 |   169 |   115 ||   446
         Stone Arrow       |       |       |     8 |    18 ||    26
         Passwall          |       |       |     2 |       ||     2
         Sticky Flame      |       |       |     1 |    19 ||    20
         Frozen Ramparts   |       |       |       |     9 ||     9
    Use: Scroll            |     2 |     9 |     4 |     5 ||    20
         Potion            |       |       |     4 |       ||     4
   Stab: Sleeping          |       |       |       |     1 ||     1
 Armour: Robe              |     9 |    12 |    37 |    43 ||   101
  Dodge: Dodged            |    16 |    32 |    55 |    81 ||   184
  Block: Buckler           |       |       |    11 |    41 ||    52
